 Dungeon Crawl Stone Soup version 0.18.1-5-g4a78601 (webtiles) character file.

276 Wooh the Chucker (level 6, -2/35 HPs)
             Began as a Kobold Assassin on May 9, 2016.
             Slain by an orc wizard
             ... wielding a +0 dagger
              (4 damage)
             ... on level 3 of the Dungeon.
             The game lasted 00:13:50 (4805 turns).

Wooh the Chucker (Kobold Assassin)                  Turns: 4805, Time: 00:13:50

Health: -2/35      AC:  5    Str: 10    XL:     6   Next: 50%
Magic:  6/6        EV: 16    Int:  9    God:
Gold:   230        SH:  0    Dex: 19    Spells: 0 memorised, 5 levels left

rFire  + . .     SeeInvis .     a - +2 dagger
rCold  + . .     Gourm    .     q - +0 leather armour {rPois}
rNeg   . . .     Faith    .     (shield restricted)
rPois  +         Spirit   .     (no helmet)
rElec  +         Dismiss  .     d - +0 cloak
rCorr  +         Reflect  .     (no gloves)
SustAt .         Harm     .     f - +0 pair of boots
MR     .....                    (no amulet)
Stlth  +++.......               (no ring)
                                (no ring)

@: resistant, not resistant to hostile enchantments, fairly stealthy
A: carnivore 3
a: no special abilities


You were on level 3 of the Dungeon.
You were very full.

You visited 1 branch of the dungeon, and saw 3 of its levels.

You collected 230 gold pieces.

Inventory:

Hand Weapons
 a - a +2 dagger (weapon)
 b - a +0 blowgun
Missiles
 e - 3 poisoned needles
 p - a curare-tipped needle
Armour
 d - a +0 cloak (worn)
 f - a +0 pair of boots (worn)
 q - a +0 leather armour of poison resistance (worn)
 s - a +0 cloak
Jewellery
 u - an uncursed ring of fire {unknown}
Wands
 l - a wand of polymorph (7/24)
Scrolls
 c - a scroll of enchant armour {unknown}
 h - 4 scrolls of identify {unknown}
 i - a scroll of recharging {unknown}
 j - 2 scrolls of teleportation {unknown}
 m - 2 scrolls of random uselessness {unknown}
 n - a scroll of remove curse {unknown}
 o - 2 scrolls of magic mapping {unknown}
 t - a scroll of fear {unknown}
 v - a scroll of amnesia {unknown}
Comestibles
 g - 6 meat rations
 k - 2 chunks of flesh
 x - a slice of pizza


   Skills:
 - Level 2.1 Fighting
 - Level 2.6 Short Blades
 - Level 6.4 Throwing
 + Level 3.2 Dodging
 - Level 5.3 Stealth


You had 5 spell levels left.
You didn't know any spells.

Dungeon Overview and Level Annotations

Branches:
Dungeon (3/15)

Altars:
Ashenzari
Fedhas
Pakellas

Annotations:
D:3 oplop's ghost, amateur OpTm


Innate Abilities, Weirdness & Mutations

You are small and have problems with some larger weapons.
You are carnivorous and can eat meat at any time.


Message History

Drink which item? (? for menu, Esc to quit)
It was a potion of resistance.
You feel protected. Something hits you but does no damage.
The orc wizard completely misses you.
Evoke which item? (* to show all) (? for menu, Esc to quit)
Zapping:
l - a wand of polymorph (will waste charges)
Press: ? - help, Shift-Dir - straight line, f - orc wizard
Aim: an orc wizard, wielding a dagger and wearing a robe (heavily wounded, chance to defeat MR: 46%)
The orc wizard resists with some effort.
Evoking this partially-identified wand wasted a few charges.
Something hits you but does no damage. The orc wizard closely misses you.
You hit the orc wizard.
The orc wizard is heavily wounded.
You hear some strange, mumbled words.
Something tries to affect you, but you resist.
The orc wizard hits you but does no damage.
You hit the orc wizard.
The orc wizard is severely wounded.
Something hits you.
You die...

#........#######'##...
##..#####.#..###.##..#
#.## #.#..##...##..
#.# ##.....#.♣.####
#.#####....###...####
#....##.####<##..# #
#.###....# #####..
#.##.# #....# ##.
#()o@# #....# ##
###### #[...# # #....#
# #...># #....# ######


You could see an orc wizard.

Vanquished Creatures
  An orc priest (D:3)
  An orc wizard (D:2)
  9 adders
  2 oozes
  3 worms
  5 dart slugs
  2 giant geckos
  8 orcs
  2 ball pythons (D:3)
  10 bats
  6 giant cockroaches
  10 goblins
  8 hobgoblins
  12 jackals
  A quokka (D:3)
  2 giant newts
  10 kobolds
  11 rats
  A plant (D:2)
104 creatures vanquished.

Notes
Turn   | Place    | Note
--------------------------------------------------------------
     0 | D:1      | Wooh the Kobold Assassin began the quest for the Orb.
     0 | D:1      | Reached XP level 1. HP: 12/12 MP: 1/1
   289 | D:1      | Reached XP level 2. HP: 17/17 MP: 2/2
   309 | D:1      | Reached skill level 3 in Throwing
   681 | D:1      | Reached XP level 3. HP: 16/21 MP: 3/3
   956 | D:2      | Reached skill level 4 in Throwing
  1092 | D:2      | Reached XP level 4. HP: 25/26 MP: 4/4
  1735 | D:2      | Reached skill level 5 in Throwing
  2066 | D:2      | Reached XP level 5. HP: 29/30 MP: 5/5
  2326 | D:2      | Found a faded altar to an unknown god.
  3541 | D:2      | Reached skill level 6 in Throwing
  3721 | D:3      | Reached XP level 6. HP: 24/35 MP: 6/6
  3826 | D:3      | Found a shattered altar of Ashenzari.
  4060 | D:3      | Noticed oplop's ghost (amateur OpTm)
  4185 | D:3      | Found a blossoming altar of Fedhas.
  4518 | D:3      | Found an oddly glowing altar of Pakellas.
  4801 | D:3      | HP: 1/35 [orc wizard/dagger (3)]
  4805 | D:3      | Slain by an orc wizard

Skill      XL: |  1  2  3  4  5  6 |
---------------+-------------------+-----
Throwing       | 3 4 5 6 |  6.4
Dodging        | 3 |  3.2
Fighting       | |  2.1
Short Blades   | |  2.6
Stealth        | |  5.3

Action                   |  1- 3 |  4- 6 || total
-------------------------+-------+-------++-------
Melee: Dagger            |    65 |   445 ||   510
 Fire: Blowgun           |     4 |    25 ||    29
Evoke: Wand              |       |     1 ||     1
  Use: Potion            |       |     2 ||     2
 Stab: Sleeping          |     7 |     6 ||    13
       Distracted        |     1 |       ||     1
  Eat: Chunk             |     9 |    11 ||    20
Armor: Robe              |    10 |    33 ||    43
       Leather armour    |       |    35 ||    35
Dodge: Dodged            |    33 |   285 ||   318
